Map: Vigía EE

Players

MrFercho - Winner!

  • Race: Zerg Zerg
  • League: Silver
  • Spawn Location: 9:00

TATORREA - Winner!

  • Race: Protoss Protoss
  • League: Silver
  • Spawn Location: 12:00

tigro - Winner!

  • Race: Terran Terran
  • League: Bronze
  • Spawn Location: 9:00

talentless

  • Race: Zerg Zerg
  • League: Gold
  • Spawn Location: 6:00

Spacedad

  • Race: Protoss Protoss
  • Spawn Location: 5:00

conndogbandi

  • Race: Terran Terran
  • Spawn Location: 5:00

VOD

Have the link to the VOD?

Description

Time

  • Played on: June 16, 2020, 9:11 p.m.
  • Length: 24:38
Show
View Real Time Build Order
Export as new Build Order

MrFercho Zerg - Winner!

Build Orders: Hatch First 

Get SALT Encoding   

  12  0:01  Drone  
  13  0:13  Overlord  
  13  0:23  Drone  
  14  0:32  Drone x2  
  16  0:37  Drone  
  17  0:47  Drone  
  18  1:02  Drone  
  19  1:14  Hatchery  
  19  1:15  Drone  
  19  1:18  Drone  
  20  1:23  Spawning Pool  
  19  1:29  Extractor, Drone  
  19  1:50  Drone  
  19  1:51  Drone  
  21  2:03  Drone  
  22  2:14  Roach Warren  
  21  2:20  Overlord  
  21  2:25  Queen  
  21  2:26  Queen  
  21  2:27  Drone x2  
  27  2:57  Drone x5  
  27  2:58  Spine Crawler x3  
  29  3:09  Drone x2  
  31  3:31  Roach x2  
  31  3:33  Overlord  
  35  3:55  Extractor  
  34  3:57  Roach x5  
  40  4:14  Queen  
  40  4:29  Spine Crawler  
  40  4:30  Roach x2  
  43  4:32  Drone  
  43  4:33  Overlord  
  43  4:34  Overlord x2  
  44  4:48  Spore Crawler  
  44  4:51  Drone x4  
  47  5:00  Zergling x4  
  49  5:09  Lair  
  49  5:13  Drone x2  
  51  5:25  Drone x3  
  54  5:30  Drone  
  55  5:37  Hatchery  
  54  5:44  Hatchery  
  54  5:49  Drone  
  54  5:50  Drone x3  
  52  6:29  Ravager x3  
  52  6:30  Ravager x2  
  57  6:33  Roach x5  
  57  6:34  Overlord x2  
  57  6:35  Overlord x2  
  56  7:14  Roach x10  
  61  7:26  Drone x6  
  67  7:30  Queen  
  67  7:33  Queen  
  71  7:37  Drone  
  71  7:38  Drone x4  
  76  7:46  Ravager  
  76  7:47  Ravager  
  76  7:48  Ravager  
  79  8:07  Hydralisk Den  
  78  8:14  Evolution Chamber  
  78  8:15  Evolution Chamber  
  78  8:18  Drone x6  
  82  8:27  Extractor  
  82  8:28  Extractor  
  78  8:50  Hydralisk x5  
  88  9:02  Drone x6  
  94  9:20  Drone  
  94  9:21  Drone x4  
  86  9:48  Lurker Den  
  86  9:50  Zerg Ground Armor Level 1, Zerg Missile Weapons Level 1  
  85  9:57  Infestation Pit  
  84  10:05  Queen  
  86  10:10  Spine Crawler  
  85  10:18  Hydralisk x6  
  97  10:28  Drone x7  
  104  10:29  Overlord  
  104  10:30  Overlord x3  
  104  10:51  Spire  
  103  10:57  Hydralisk  
  103  10:58  Hydralisk x3  
  111  11:06  Extractor  
  111  11:08  Extractor  
  97  11:25  Lair  
  94  11:45  Hatchery  
  93  12:09  Muscular Augments  
  93  12:13  Overlord x3  
  93  12:14  Overlord x4  
  93  12:43  Drone x6  
  99  12:50  Zerg Missile Weapons Level 2, Zerg Ground Armor Level 2  
  99  13:08  Drone x4  
  103  13:20  Grooved Spines  
  103  13:24  Drone x3  
  106  13:30  Lair  
  106  14:12  Drone x4  
  106  14:14  Drone x9  
  119  14:20  Extractor  
  119  14:22  Extractor  
  81  14:38  Hatchery  
  80  14:39  Hatchery  
  80  14:41  Hydralisk x5  
  87  14:46  Hatchery  
  86  15:13  Hydralisk x3  
  86  15:14  Hydralisk x2  
  96  15:44  Extractor  
  95  15:53  Drone x6  
  101  15:59  Extractor  
  100  16:17  Spine Crawler  
  99  16:18  Spine Crawler  
  99  16:19  Spine Crawler  
  99  16:25  Drone x5  
  102  16:39  Hive  
  102  16:45  Overlord x4  
  102  16:46  Overlord x5  
  102  16:51  Hydralisk, Mutalisk  
  102  16:52  Mutalisk x11  
  128  16:59  Lurker x10  
  138  17:13  Hydralisk x4  
  138  17:14  Hydralisk x8  
  162  17:21  Burrow, Pneumatized Carapace  
  162  17:33  Hatchery  
  161  17:40  Drone  
  161  17:41  Drone x8  
  170  17:53  Mutalisk x7  
  184  18:11  Hydralisk x8  
  200  18:25  Zerg Missile Weapons Level 3, Zerg Ground Armor Level 3  
  200  18:28  Adaptive Talons  
  200  18:29  Zerg Flyer Weapons Level 1  
  200  18:33  Spire  
  199  18:36  Metabolic Boost  
  164  19:25  Seismic Spines  
  164  19:48  Hydralisk x14  
  164  19:49  Hydralisk x4  
  200  19:55  Adrenal Glands  
  200  20:28  Hydralisk x12  
  162  20:29  Hydralisk x6  
  166  20:43  Hydralisk x5  
  166  20:44  Hydralisk x3  
  152  21:05  Hydralisk  
  152  21:06  Hydralisk x9  
  132  21:38  Hydralisk x4  
  132  21:39  Hydralisk x11  
  122  22:05  Hydralisk x10  
  142  22:13  Hatchery  
  141  22:46  Hydralisk x12  
  165  23:13  Hatchery  
  164  23:31  Hydralisk  
  164  23:32  Hydralisk x11  
  188  23:54  Lurker x2  
  188  23:55  Lurker x9  
Show
View Real Time Build Order
Export as new Build Order

TATORREA Protoss - Winner!

Build Orders:  

Get SALT Encoding   

  12  0:02  Probe  
  13  0:14  Probe  
  14  0:19  Pylon  
  14  0:26  Probe  
  15  0:38  Probe  
  16  0:47  Gateway  
  16  0:50  Probe  
  17  1:02  Probe  
  18  1:10  Assimilator  
  18  1:11  Probe  
  18  1:16  Pylon  
  19  1:19  Probe  
  20  1:27  Probe  
  20  1:28  Assimilator  
  21  1:35  Probe  
  22  1:43  Probe  
  23  1:55  Probe  
  24  2:03  Cybernetics Core  
  24  2:05  Gateway  
  24  2:06  Gateway, Probe  
  25  2:14  Probe  
  25  2:22  Probe  
  27  2:34  Probe  
  28  2:40  Nexus  
  28  2:48  Pylon  
  28  2:50  Probe  
  29  2:56  Warp Gate  
  29  3:02  Probe  
  30  3:13  Stalker  
  30  3:14  Stalker, Probe  
  35  3:20  Stalker  
  35  3:26  Probe  
  38  3:38  Probe  
  39  3:43  Pylon  
  39  3:44  Pylon  
  38  3:51  Stalker, Probe  
  41  4:02  Probe  
  42  4:03  Probe  
  43  4:14  Probe  
  44  4:31  Probe x2  
  52  4:42  Robotics Facility  
  52  4:43  Probe x2  
  48  4:55  Probe  
  48  4:57  Gateway  
  48  4:58  Gateway  
  48  4:59  Probe  
  50  5:01  Gateway  
  50  5:02  Gateway  
  50  5:03  Gateway  
  50  5:06  Assimilator  
  50  5:07  Probe  
  50  5:10  Stalker x2, Assimilator  
  50  5:11  Probe  
  50  5:12  Stalker  
  58  5:23  Forge, Probe  
  58  5:24  Probe  
  60  5:42  Immortal  
  64  6:05  Probe  
  64  6:06  Probe  
  64  6:10  Stalker x2  
  70  6:18  Nexus  
  70  6:21  Pylon  
  70  6:39  Probe x2  
  72  6:42  Pylon  
  72  6:51  Probe x2  
  72  6:52  Pylon  
  74  6:56  Pylon, Protoss Ground Weapons Level 1  
  74  7:00  Pylon  
  78  7:01  Immortal  
  78  7:03  Pylon, Probe x2  
  78  7:04  Stalker x2  
  78  7:07  Stalker  
  86  7:10  Stalker  
  86  7:11  Pylon  
  86  7:14  Pylon  
  88  7:21  Pylon  
  88  7:27  Stalker x2  
  88  7:28  Stalker x2  
  96  7:45  Stalker x2  
  96  7:46  Stalker x2  
  96  7:50  Probe x2  
  104  8:04  Probe  
  104  8:05  Probe  
  106  8:07  Assimilator  
  106  8:08  Immortal  
  106  8:11  Assimilator  
  110  8:25  Stalker  
  110  8:26  Stalker x4  
  110  8:27  Stalker x2  
  122  8:30  Probe x2  
  126  8:50  Nexus  
  126  8:52  Pylon  
  126  8:57  Stalker  
  126  8:59  Stalker  
  126  9:00  Stalker x3  
  126  9:01  Stalker  
  138  9:20  Stalker x2  
  138  9:23  Immortal  
  146  9:26  Probe x2  
  146  9:31  Probe  
  147  9:36  Protoss Ground Armor Level 1  
  147  9:38  Probe x2  
  149  9:43  Probe  
  150  9:50  Pylon  
  148  9:54  Pylon  
  148  9:57  Probe  
  148  9:58  Pylon, Probe x2  
  149  10:07  Stalker x3  
  151  10:08  Forge  
  151  10:09  Stalker, Probe  
  151  10:10  Forge, Probe x2  
  151  10:12  Gateway  
  160  10:14  Gateway  
  158  10:30  Probe x3  
  155  10:42  Probe x2  
  150  10:43  Stalker  
  150  10:44  Stalker x4  
  150  10:45  Stalker x3  
  165  10:54  Probe x2  
  162  11:06  Probe  
  162  11:07  Probe  
  164  11:18  Probe  
  164  11:19  Probe  
  164  11:23  Nexus  
  166  11:26  Assimilator  
  166  11:30  Probe  
  166  11:31  Assimilator, Probe  
  168  11:35  Stalker x4  
  168  11:36  Stalker x3, Assimilator  
  168  11:37  Stalker x3  
  188  11:43  Probe  
  188  11:49  Probe  
  189  12:32  Probe  
  189  12:35  Probe x2  
  191  12:41  Pylon  
  191  12:51  Pylon  
  191  12:55  Pylon  
  191  12:59  Pylon  
  191  13:07  Pylon  
  191  13:11  Pylon  
  191  13:15  Pylon  
  191  13:17  Probe  
  191  13:18  Probe x2  
  194  13:23  Nexus  
  194  13:24  Pylon  
  194  13:26  Pylon  
  194  13:27  Pylon  
  194  13:28  Pylon  
  194  13:29  Probe  
  194  13:30  Probe x2  
  194  13:32  Pylon x2  
  197  13:35  Stalker, Pylon  
  197  13:38  Pylon  
  199  13:43  Forge  
  199  13:56  Protoss Shields Level 1  
  199  14:02  Twilight Council  
  191  14:21  Gateway  
  191  14:22  Gateway  
  187  14:26  Gateway  
  187  14:28  Gateway  
  187  14:29  Gateway  
  187  14:31  Gateway  
  178  14:44  Stalker x3  
  178  14:45  Stalker  
  174  14:46  Stalker x2  
  174  14:47  Stalker x3  
  174  14:48  Stalker  
  142  15:10  Stalker x2  
  142  15:11  Stalker x4  
  142  15:12  Stalker x4  
  150  15:28  Stalker  
  148  15:29  Stalker  
  148  15:31  Stalker x2  
  148  15:32  Stalker x2  
  158  15:39  Gateway  
  158  15:41  Gateway  
  158  15:44  Gateway  
  158  15:45  Gateway  
  158  15:46  Gateway  
  158  15:48  Gateway  
  158  15:51  Gateway  
  158  15:53  Protoss Shields Level 2, Protoss Ground Armor Level 2, Protoss Ground Weapons Level 2  
  158  15:54  Gateway  
  158  15:56  Gateway  
  158  15:58  Gateway  
  158  16:01  Assimilator  
  158  16:03  Stalker x2, Assimilator  
  158  16:04  Stalker x3  
  164  16:05  Stalker  
  164  16:06  Stalker x3  
  164  16:07  Stalker x2  
  164  16:08  Stalker x2  
  164  16:09  Stalker x3  
  190  16:18  Nexus  
  190  16:20  Pylon, Templar Archives  
  190  16:36  Immortal  
  194  16:42  Stalker x3  
  200  18:17  Protoss Ground Weapons Level 3  
  200  18:18  Protoss Shields Level 3, Protoss Ground Armor Level 3  
  200  18:26  Assimilator  
  200  18:28  Assimilator  
  194  19:24  High Templar x2  
  194  19:25  High Templar x2  
  194  19:30  Archon x2  
  176  19:49  High Templar  
  176  19:50  High Templar x3  
  176  19:51  High Templar x2  
  176  19:52  High Templar  
  190  19:53  High Templar  
  190  19:55  Archon  
  190  19:56  Archon x2  
  192  20:05  High Templar  
  194  20:13  High Templar x2  
  198  20:14  High Templar  
  200  20:23  Archon x2  
  200  20:24  Archon  
  200  21:25  Nexus  
  200  21:28  Pylon  
  200  23:38  Assimilator  
  200  23:40  Assimilator  
Show
View Real Time Build Order
Export as new Build Order

tigro Terran - Winner!

Build Orders:  

Get SALT Encoding   

  12  0:03  SCV  
  13  0:15  SCV  
  14  0:26  Supply Depot  
  14  0:27  SCV  
  15  0:35  Refinery  
  15  0:48  SCV  
  16  0:53  Barracks  
  16  1:00  SCV  
  17  1:09  Refinery  
  17  1:12  SCV  
  18  1:24  SCV  
  19  1:29  Supply Depot  
  19  1:36  SCV  
  20  1:45  Marine  
  21  1:56  Barracks  
  21  1:59  SCV  
  22  2:03  Marine  
  23  2:16  Factory  
  23  2:21  Marine  
  24  2:35  SCV  
  25  2:39  Marine, Engineering Bay  
  26  2:46  Barracks Reactor  
  26  2:47  SCV  
  27  2:57  Marine  
  28  2:59  SCV  
  28  3:01  Factory Tech Lab  
  29  3:10  Terran Infantry Weapons Level 1  
  29  3:22  Barracks Tech Lab  
  29  3:33  Orbital Command  
  29  3:56  Combat Shield  
  29  4:12  Siege Tank  
  28  4:21  Marine x2  
  29  4:38  Marine x2  
  30  4:39  Marine  
  30  4:44  Siege Tank  
  35  4:55  Marine  
  35  4:56  Marine x2  
  38  5:04  Terran Infantry Armor Level 1  
  38  5:13  Marine  
  39  5:15  Stimpack  
  39  5:52  Starport  
  39  6:13  Marine x3  
  29  6:27  Siege Tank  
  29  6:31  Marine x3  
  34  6:49  Marine x3  
  37  6:55  Concussive Shells  
  37  6:59  Siege Tank  
  39  7:07  Marine x2  
  37  7:28  Marine x3  
  38  7:31  Medivac, Siege Tank  
  43  7:45  Marine  
  43  7:46  Marine x2  
  45  7:59  Neosteel Armor  
  45  8:01  Medivac  
  47  8:43  Marine x3  
  47  9:19  Starport Tech Lab  
  47  9:24  Marine x2  
  46  9:29  Marine  
  46  9:35  Siege Tank  
  47  9:40  Hi-Sec Auto Tracking  
  47  9:53  Marine  
  47  10:00  Marine  
  47  10:02  Marine  
  47  10:10  Siege Tank  
  47  10:11  Marine  
  40  10:17  Marine  
  40  10:20  Marine  
  42  10:29  Marine  
  43  10:35  Marine, Fusion Core  
  43  10:38  Marine  
  45  10:47  Marine  
  46  10:53  Marine  
  47  11:10  Missile Turret  
  47  11:16  Supply Depot  
  47  11:33  Missile Turret  
  47  11:37  Marine x3, Weapon Refit  
  47  11:38  Supply Depot  
  50  11:43  Armory  
  50  11:55  Marine x2  
  52  12:02  Missile Turret  
  52  12:07  Marine  
  53  12:13  Marine x2  
  55  12:17  Medivac  
  55  12:21  Command Center  
  57  12:25  Marine  
  58  12:30  Marine x2  
  60  12:39  Missile Turret  
  60  12:43  Marine  
  61  12:47  Medivac  
  63  13:12  Marine x3  
  66  13:16  Terran Infantry Weapons Level 2  
  66  13:17  Rapid Reignition System, Medivac  
  68  13:30  Marine  
  69  13:48  Battlecruiser, Refinery  
  75  14:14  Advanced Ballistics  
  24  15:32  Terran Infantry Armor Level 2  
Show
View Real Time Build Order
Export as new Build Order

talentless Zerg 

Build Orders: Hatch First 

Get SALT Encoding   

  12  0:02  Drone  
  13  0:13  Overlord  
  13  0:18  Drone  
  14  0:32  Drone x2  
  16  0:58  Drone x2  
  16  1:02  Hatchery  
  17  1:05  Extractor  
  16  1:16  Spawning Pool  
  16  1:17  Drone  
  16  1:20  Drone  
  16  1:24  Drone  
  18  1:30  Drone  
  19  1:41  Drone  
  20  1:53  Drone  
  21  2:07  Overlord  
  21  2:13  Queen  
  21  2:14  Drone  
  24  2:16  Queen  
  26  2:29  Drone x3  
  29  2:36  Drone x2  
  31  2:45  Drone  
  31  2:47  Overlord  
  32  2:57  Drone  
  33  2:59  Overlord  
  33  3:09  Drone x2  
  35  3:16  Hatchery  
  35  3:18  Drone  
  35  3:24  Drone x3  
  35  3:25  Drone  
  39  3:34  Hatchery, Drone x4  
  42  3:47  Drone x2  
  44  3:58  Extractor  
  44  4:02  Extractor  
  42  4:05  Overlord x2  
  42  4:06  Drone x7  
  49  4:24  Drone x3  
  49  4:28  Queen x2  
  49  4:29  Queen  
  58  4:35  Drone x3  
  61  4:42  Drone x2  
  61  4:43  Drone x3  
  66  5:19  Drone x4  
  70  5:32  Drone x8  
  70  5:33  Drone x2  
  70  5:35  Overlord  
  80  5:52  Extractor  
  79  6:07  Extractor  
  78  6:23  Lair  
  78  6:42  Hatchery  
  77  6:59  Drone  
  77  7:00  Overlord x2, Drone x8  
  77  7:01  Overlord x5  
  86  7:14  Extractor  
  85  7:42  Spire  
  84  7:57  Extractor x2  
  82  8:17  Extractor  
  81  8:23  Drone  
  81  8:24  Drone x3  
  85  8:53  Mutalisk x4  
  85  8:54  Mutalisk x16  
  125  9:05  Zerg Flyer Armor Level 1  
  125  9:13  Spire  
  124  9:30  Overlord  
  124  9:31  Overlord x3  
  124  9:32  Overlord x5  
  124  9:36  Mutalisk x2  
  124  9:37  Mutalisk x4  
  136  9:50  Mutalisk x3  
  142  9:53  Zergling x10  
  142  9:54  Zergling x14  
  154  10:29  Zergling x8  
  154  10:30  Zergling x16  
  164  11:21  Zergling x16  
  164  11:22  Zergling x14  
  169  11:44  Zergling x18  
  169  11:45  Zergling x2  
  179  12:05  Zergling x2  
  179  12:06  Zergling x18  
  161  12:59  Zergling x30  
  161  13:05  Infestation Pit  
  175  13:22  Drone  
  175  13:23  Drone x6  
  136  14:39  Zergling x2  
  136  14:40  Zergling x26  
  136  14:41  Zergling x2  
  105  15:00  Queen  
  105  15:03  Zergling x14  
  105  15:04  Zergling x6  
  117  15:51  Hatchery  
  116  16:03  Zergling x2  
  116  16:04  Zergling x38  
  125  16:05  Zergling x24  
  148  16:14  Metabolic Boost  
  148  16:18  Hive  
  148  16:36  Drone  
  148  16:37  Drone x3  
  148  16:39  Zergling x20  
  167  16:40  Zergling x10  
  167  17:09  Zergling x24  
  167  17:10  Zergling x12  
  185  17:34  Adrenal Glands  
  185  17:36  Zergling x20  
  185  17:37  Zergling x10  
  200  18:14  Baneling Nest  
  192  18:55  Evolution Chamber  
  192  19:01  Evolution Chamber  
  125  19:30  Corruptor x15  
  125  19:31  Corruptor x7  
  138  20:00  Zergling x20  
  138  20:01  Zergling x28  
  138  20:02  Zergling x2  
  138  20:03  Zergling x2  
  138  20:04  Zergling x2  
  138  20:07  Zergling x4  
  153  20:14  Overseer x2  
  153  20:17  Overseer x3  
  153  20:18  Overseer  
  148  21:07  Zergling x24  
  148  21:08  Zergling x32  
  149  21:32  Zergling x2  
  149  21:33  Zergling x24  
  149  21:34  Zergling x2  
  160  21:42  Zergling x8  
  161  22:08  Zergling x12  
  160  22:09  Zergling x18  
  166  22:40  Overlord  
  166  22:41  Overlord x7  
  160  23:01  Zergling x14  
  160  23:02  Zergling x4  
  163  23:17  Zergling x12  
  163  23:18  Zergling x2  
  168  23:54  Zergling x2  
  168  23:55  Zergling x26  
Show
View Real Time Build Order
Export as new Build Order

Spacedad Protoss 

Build Orders:  

Get SALT Encoding   

  12  0:01  Probe  
  13  0:13  Probe  
  14  0:25  Probe  
  14  0:26  Pylon  
  15  0:44  Probe  
  16  0:55  Forge  
  16  0:56  Probe  
  17  1:08  Probe  
  17  1:10  Pylon  
  18  1:29  Gateway  
  18  1:34  Gateway  
  18  1:39  Photon Cannon  
  18  1:54  Photon Cannon  
  18  2:00  Pylon  
  18  2:08  Zealot  
  18  2:21  Zealot  
  22  2:27  Cybernetics Core  
  22  2:33  Zealot  
  24  2:37  Photon Cannon  
  24  2:48  Zealot  
  26  3:01  Zealot  
  28  3:13  Photon Cannon  
  28  3:15  Zealot  
  29  3:28  Zealot  
  31  3:42  Zealot  
  33  3:55  Zealot  
  29  4:19  Zealot  
  29  4:22  Zealot  
  23  4:46  Zealot  
  23  4:47  Pylon  
  23  4:49  Zealot  
  27  5:06  Gateway  
  27  5:09  Gateway  
  27  5:11  Gateway  
  27  5:12  Gateway  
  27  5:13  Zealot  
  29  5:16  Zealot  
  31  5:25  Warp Gate  
  31  5:41  Zealot  
  33  5:43  Zealot  
  35  5:58  Stalker  
  35  5:59  Stalker x3  
  43  6:07  Stalker  
  43  6:10  Stalker  
  37  6:28  Stalker  
  37  6:29  Stalker x3  
  39  6:37  Stalker  
  41  6:42  Stalker  
  39  7:19  Stalker x3  
  39  7:23  Stalker  
  27  7:49  Stalker  
  29  7:53  Stalker  
  31  8:13  Stalker x2  
  33  8:39  Pylon  
  33  8:42  Pylon  
  33  8:46  Pylon  
  33  8:58  Stalker  
  33  9:02  Zealot x3  
  17  9:59  Nexus  
  17  10:01  Assimilator  
  17  10:03  Assimilator  
  17  10:06  Assimilator x2  
  17  10:10  Pylon  
  17  10:12  Pylon  
  16  10:47  Gateway  
  16  10:48  Gateway  
  16  10:51  Gateway  
  16  10:55  Gateway  
  16  11:14  Probe x2  
  18  11:26  Probe x2  
  20  11:50  Stalker x2  
  20  11:51  Stalker x2  
  28  11:55  Nexus  
  28  11:57  Assimilator  
  28  12:01  Assimilator  
  28  12:04  Pylon  
  28  12:06  Pylon  
  28  12:11  Stargate  
  28  12:13  Stargate  
  28  12:18  Stargate  
  28  12:27  Probe x2  
  30  12:39  Probe x2  
  30  12:40  Stalker x4  
  40  12:54  Void Ray  
  40  12:56  Void Ray  
  48  13:02  Void Ray  
  52  13:21  Protoss Air Weapons Level 1  
  52  13:37  Void Ray  
  52  13:39  Void Ray  
  60  13:42  Stalker  
  60  13:45  Void Ray  
  66  14:45  Void Ray x2  
  66  14:46  Void Ray  
  72  15:03  Probe x3  
  63  15:15  Probe x2  
  65  15:28  Void Ray x3  
  77  15:54  Protoss Air Armor Level 1  
  77  16:11  Void Ray x3  
  77  16:13  Probe x3  
  92  16:20  Pylon  
  92  16:22  Pylon  
  92  16:25  Pylon, Probe x2  
  93  16:26  Probe  
  95  16:51  Probe x3  
  95  16:54  Void Ray x3  
  110  17:03  Probe x2  
  110  17:04  Probe  
  113  17:20  Pylon  
  113  17:21  Pylon  
  113  17:24  Pylon  
  113  17:29  Probe  
  115  17:30  Probe x2  
  115  17:36  Void Ray  
  115  17:37  Void Ray x2  
  128  18:01  Fleet Beacon  
  128  18:15  Probe x2  
  128  18:19  Void Ray x2  
  134  18:20  Void Ray  
  142  18:36  Protoss Air Weapons Level 2, Unknown  
  142  18:38  Pylon  
  142  18:41  Pylon  
  142  18:43  Pylon  
  142  19:02  Void Ray x3  
  146  19:07  Pylon  
  146  19:08  Pylon  
  154  19:10  Pylon  
  154  19:45  Void Ray x3  
  166  20:28  Void Ray x3  
  154  21:11  Void Ray x3  
  90  21:53  Void Ray  
  90  21:54  Void Ray x2  
  74  22:22  Stargate  
  74  22:23  Stargate  
  74  22:26  Stargate  
  74  22:36  Void Ray x3  
  82  22:41  Nexus  
  86  22:44  Pylon  
  86  22:46  Pylon  
  86  22:50  Assimilator  
  86  22:54  Assimilator  
  86  23:07  Void Ray  
  86  23:08  Void Ray  
  86  23:09  Void Ray  
  98  23:19  Void Ray x3  
  110  23:50  Void Ray x2  
  110  23:52  Void Ray  
Show
View Real Time Build Order
Export as new Build Order

conndogbandi Terran 

Build Orders:  

Get SALT Encoding   

  12  0:01  SCV  
  13  0:16  Supply Depot  
  13  0:43  SCV  
  14  0:50  Supply Depot  
  14  0:55  SCV  
  15  1:07  SCV  
  16  1:19  SCV  
  17  1:29  Supply Depot  
  17  1:31  SCV  
  18  1:34  Barracks  
  18  1:43  SCV  
  19  1:55  SCV  
  20  2:07  SCV  
  21  2:13  Barracks  
  21  2:19  SCV  
  21  2:21  Marine  
  23  2:23  Barracks  
  23  2:32  SCV  
  23  2:33  Refinery  
  23  2:36  Supply Depot, Refinery  
  24  2:39  Marine  
  24  2:44  SCV  
  26  2:56  Marine  
  27  2:59  Supply Depot  
  27  3:01  Marine  
  27  3:02  Barracks  
  28  3:14  Barracks, Marine  
  28  3:19  Marine  
  30  3:24  Barracks Reactor  
  30  3:32  Marine  
  31  3:37  Marine  
  32  3:55  Marine x2  
  31  4:05  Marine x2  
  30  4:12  Marine  
  30  4:13  Barracks Reactor x2, Marine  
  31  4:23  Marine x2  
  33  4:30  Marine  
  33  4:31  Marine  
  30  4:41  Marine x2  
  32  4:48  Marine  
  32  4:49  Marine  
  32  4:50  Marine x3  
  32  4:51  Marine  
  38  4:59  Marine x2  
  40  5:04  Barracks  
  40  5:06  Marine x2  
  42  5:13  Marine x4  
  46  5:16  Marine x2  
  48  5:24  Barracks Reactor, Marine  
  49  5:31  Marine x4  
  49  5:34  Marine x2  
  55  5:38  Engineering Bay  
  55  5:53  Supply Depot  
  55  6:09  Marine x3  
  55  6:10  Marine x3  
  55  6:11  Marine x2  
  55  6:12  Marine x2  
  55  6:16  Supply Depot  
  48  6:25  Terran Infantry Weapons Level 1  
  36  6:26  Marine x3  
  36  6:28  Marine x5  
  36  6:30  Marine x2  
  44  6:39  Supply Depot  
  44  6:44  Marine x3  
  44  6:46  Marine x5  
  52  6:47  Factory  
  52  6:48  Marine x2  
  53  7:02  Marine x3  
  53  7:04  Marine x5  
  53  7:06  Marine x2  
  49  7:20  Marine x3  
  49  7:21  Marine x3  
  49  7:22  Marine x2  
  53  7:24  Marine x2  
  44  7:36  Armory  
  44  7:37  Factory Tech Lab  
  44  7:38  Marine x3  
  44  7:39  Marine x3  
  44  7:40  Marine x2  
  44  7:41  Marine x2  
  51  7:55  Marine x3  
  51  7:57  Marine x3  
  51  7:58  Marine x2  
  48  7:59  Marine x2  
  46  8:13  Marine x3  
  46  8:15  Marine x5  
  46  8:17  Marine x2  
  46  8:19  Terran Infantry Armor Level 1  
  56  8:29  Terran Vehicle And Ship Armor Level 1  
  56  8:31  Marine x3  
  56  8:33  Marine x2  
  61  8:36  Marine x2  
  58  8:44  Marine  
  58  8:45  Marine  
  49  8:50  Marine x5  
  49  8:51  Marine  
  49  8:54  Marine x2  
  57  9:02  Marine  
  58  9:03  Marine  
  58  9:07  Marine  
  58  9:08  Marine x5  
  65  9:12  Marine x2  
  59  9:29  Marine  
  59  9:30  Marine x5  
  56  9:33  Marine  
  56  9:34  Marine  
  56  9:35  Marine x2  
  43  9:47  Marine x2  
  43  9:48  Marine x4  
  43  9:51  Marine  
  43  9:53  Marine x3  
  36  10:13  Hi-Sec Auto Tracking  
  25  10:31  Siege Tank  
  25  10:34  Terran Vehicle Weapons Level 1  
  26  10:50  Factory  
  26  10:52  Factory  
  26  10:56  Factory  
  26  10:58  Factory  
  26  11:04  Siege Tank  
  29  11:07  Supply Depot  
  29  11:09  Supply Depot  
  29  11:10  Neosteel Armor  
  29  11:32  Supply Depot  
  29  11:35  Thor  
  35  11:58  Factory Tech Lab  
  35  11:59  Factory Tech Lab  
  35  12:01  Factory Tech Lab  
  35  12:02  Factory Tech Lab  
  35  12:15  Marine  
  35  12:18  Thor  
  42  12:25  Thor  
  42  12:26  Thor x2  
  42  12:28  Terran Ship Weapons Level 1  
  60  12:47  Thor  
  66  12:53  Marine x3  
  66  12:54  Marine x3  
  72  13:01  Thor  
  78  13:08  Thor  
  78  13:11  Marine x4  
  78  13:12  Marine x2  
  90  13:29  Marine x6  
  89  13:47  Marine x6  
  95  14:04  Marine  
  95  14:05  Marine x5  
  97  14:10  Cyclone x4  
  99  14:22  Marine x3  
  99  14:23  Marine  
  103  14:35  Marine x2  
  103  14:38  Supply Depot  
  103  14:39  Supply Depot  
  103  14:40  Marine x2  
  103  14:42  Marine  
  103  14:45  Marine  
  103  14:46  Cyclone  
  103  14:52  Cyclone  
  103  14:53  Marine  
  35  15:39  Thor  
  41  15:49  Supply Depot  
  41  15:50  Supply Depot  
  41  15:54  Hellbat  
  49  16:10  Supply Depot  
  49  16:14  Supply Depot  
  49  16:15  Thor  
  55  16:21  Thor  
  61  16:31  Thor  
  61  16:34  Supply Depot  
  61  16:36  Supply Depot  
  61  16:58  Supply Depot  
  60  17:59  Command Center  
  60  18:08  Command Center  
  25  19:24  Thor x2  
  25  19:30  SCV  
  32  19:42  SCV  
  33  19:54  SCV  
  34  20:06  SCV  
  35  20:18  SCV  
  35  20:21  Orbital Command  
  18  20:59  Thor  
  23  21:21  SCV  
  24  21:33  SCV  
  25  21:45  SCV  
  26  22:07  SCV  
  27  22:19  SCV  
  28  22:41  SCV  
  29  22:45  SCV  
  30  22:53  SCV  
  31  23:06  SCV  
  32  23:18  SCV  
  33  23:27  SCV  
  33  23:30  SCV  
  34  23:39  SCV  
  35  23:48  SCV  
  35  23:51  SCV  
  36  24:00  SCV  
  37  24:03  SCV  
  38  24:12  SCV  
  38  24:15  SCV  
Tags
 
Add a new tag
Caveats
  • Supply blocks, unpowered buildings, or Contaminate may cause inaccurate times.
  • Supply counts are checked every 10 seconds.